 Dungeon Crawl Stone Soup version 0.30-a0-250-g41c1d76940 (webtiles) character file.

Game seed: 2225559529680077532

263862 greasedhog the Acrobat (level 20, -8/145 (174) HPs)
             Began as a Merfolk Fighter on Oct 12, 2022.
             Was the Champion of Dithmenos.
             Killed from afar by a halazid warlock (41 damage)
             ... with a ghostly fireball
             ... in the Desolation of Salt.
             The game lasted 01:00:49 (34656 turns).

greasedhog the Acrobat (Merfolk Fighter)           Turns: 34656, Time: 01:00:49

HP:   -8/145 (174)  AC: 23    Str: 23    XL:     20   Next: 3%
MP:   36/36         EV: 33    Int:  8    God:    Dithmenos [******]
Gold: 987           SH:  0    Dex: 25    Spells: 17/19 levels left

rFire   + . .      SeeInvis .    P - +12 pair of quick blades "Gyre" and "Gimble" {protect}
rCold   + . .      Faith    .    (shield currently unavailable)
rNeg    + . .      Spirit   .    w - +2 leather armour of Evolution {Str+5 Stlth+}
rPois   .          Reflect  .    x - +0 helmet
rElec   +          Harm     .    v - scarf {rC+ rF+}
rCorr   +          Rampage  .    X - +2 pair of gloves {Stlth+}
Will    ++...                    R - +1 pair of boots {Fly} Stlth ********++
                                 S - amulet of the acrobat
HPRegen 0.44/turn                I - ring of Roucar {rCorr MP+9 Dex+3}
MPRegen 0.25/turn                N - ring of the Heron {rElec rN+ AC+4}

@: under a protective aura, flying, hasted, wreathed by umbra, studying Armour,
heavily drained, very quick
A: (nimble swimmer 2), mertail, agile 1, low MP 1, strong-willed 1
}: 2/15 runes: decaying, gossamer
a: Renounce Religion, Shadow Step, Shadow Form


You were in the Desolation of Salt.
You worshipped Dithmenos.
Dithmenos was exalted by your worship.
You visited 7 branches of the dungeon, and saw 33 of its levels.
You also visited: Bailey and Desolation.

You collected 3030 gold pieces.
You spent 2043 gold pieces at shops.

Inventory:

Hand Weapons
 P - the +12 pair of quick blades "Gyre" and "Gimble" (weapon) {protect}
   (You found it on level 7 of the Dungeon)

   It grants its wielder temporary protection when it strikes (+7 to AC).
Missiles
 W - 4 throwing nets (quivered)
Armour
 v - a scarf of resistance (worn)
 w - the +2 leather armour of Evolution (worn) {Str+5 Stlth+}
   (You found it on level 1 of the Swamp)

   Str:       It affects your strength (+5).
   Stlth:     It makes you more stealthy.
 x - a +0 helmet (worn)
 D - +0 swamp dragon scales
 R - a +1 pair of boots of flying (worn)
 X - a +2 pair of gloves of stealth (worn)
Jewellery
 F - a ring of see invisible
 I - the ring of Roucar (left hand) {rCorr MP+9 Dex+3}
   (You found it on level 2 of the Vaults)

   [ring of magical power]

   Dex:       It affects your dexterity (+3).
   MP:        It affects your magic capacity (+9).
   rCorr:     It protects you from acid and corrosion.
 L - a +4 ring of slaying
 N - the ring of the Heron (right hand) {rElec rN+ AC+4}
   (You found it on level 4 of the Spider Nest)

   [ring of protection]

   AC:        It affects your AC (+4).
   rElec:     It insulates you from electricity.
   rN:        It protects you from negative energy.
 S - an amulet of the acrobat (around neck)
 T - the amulet of Bel Aloh {RegenMP Will- rCorr Int+2 Dex+2}
   (You found it in the Desolation of Salt)

   [amulet of magic regeneration]

   It increases your rate of magic regeneration.
   Int:       It affects your intelligence (+2).
   Dex:       It affects your dexterity (+2).
   rCorr:     It protects you from acid and corrosion.
   Will:      It decreases your willpower.
 Z - a ring of positive energy
Wands
 h - a wand of iceblast (6)
 j - a wand of quicksilver (3)
 t - a wand of flame (71)
 B - a wand of paralysis (30)
 O - a wand of mindburst (14)
 Q - a wand of polymorph (3)
 V - a wand of digging (5)
Scrolls
 a - 7 scrolls of enchant weapon
 d - 6 scrolls of enchant armour
 e - 3 scrolls of fear
 f - 2 scrolls of blinking
 g - a scroll of immolation
 i - 2 scrolls of brand weapon
 n - 19 scrolls of teleportation
 o - 6 scrolls of amnesia
 p - 4 scrolls of poison
 y - a scroll of silence
 E - 4 scrolls of summoning
 G - 5 scrolls of butterflies
 H - 9 scrolls of magic mapping
Potions
 b - 4 potions of cancellation
 k - 8 potions of curing
 l - 6 potions of mutation
 m - 5 potions of lignification
 q - 2 potions of flight
 r - 5 potions of attraction
 s - 3 potions of invisibility
 u - a potion of berserk rage
 z - 7 potions of ambrosia
 C - 3 potions of might
 K - a potion of haste
 M - 5 potions of magic
 U - 3 potions of brilliance
 Y - 4 potions of resistance
Miscellaneous
 c - a lightning rod (2/4)
 J - a condenser vane


   Skills:
 * Level 19.3 Fighting
 - Level 14.0 Long Blades
 - Level 5.5 Polearms
 - Level 7.2 Armour
 * Level 22.3 Dodging
 * Level 19.8 Stealth
 - Level 3.0 Shields
 * Level 14.7 Invocations


You had 17 spell levels left.
You knew the following spells:

 Your Spells              Type           Power      Damage    Failure   Level
a - Blink                 Tloc           0%         N/A       58%         2

Your spell library contained the following spells:

 Spells                   Type           Power      Damage    Failure   Level
 Beastly Appendage        Tmut           0%         N/A       43%         1
 Foxfire                  Conj/Fire      0%         2x1d4     43%         1
 Freeze                   Ice            0%         1d3       43%         1
 Sting                    Tmut/Pois      0%         1d3       43%         1
 Momentum Strike          Conj/Tloc      0%         3d8       58%         2
 Passwall                 Tmut/Erth      0%         N/A       58%         2
 Poisonous Vapours        Pois/Air       0%         N/A       58%         2
 Scorch                   Fire           0%         2d5       58%         2
 Static Discharge         Conj/Air       0%         2-2/arc   58%         2
 Wereblood                Tmut           0%         N/A       58%         2
 Dazzling Flash           Conj/Hex       0%         N/A       82%         3
 Frozen Ramparts          Ice            0%         1d1       82%         3
 Hailstorm                Conj/Ice       0%         3d3       82%         3
 Ignite Poison            Fire/Tmut/Pois 0%         N/A       82%         3
 Inner Flame              Hex/Fire       0%         N/A       82%         3
 Kindle Blastsparks       Fire/Tloc/Air  0%         2d10      82%         3
 Lesser Beckoning         Tloc           0%         N/A       82%         3
 Portal Projectile        Hex/Tloc       0%         N/A       82%         3
 Spider Form              Tmut/Pois      0%         N/A       82%         3
 Tukima's Dance           Hex            0%         N/A       82%         3
 Vhi's Electric Charge    Tloc/Air       0%         N/A       82%         3
 Cause Fear               Hex            0%         N/A       99%         4
 Flame Wave               Conj/Fire      0%         2d4       99%         4
 Fulminant Prism          Conj/Hex       0%         3d6       99%         4
 Ice Form                 Ice/Tmut       0%         N/A       99%         4
 Iskenderun's Mystic Bla  Conj/Tloc      0%         2d3       99%         4
 Manifold Assault         Tloc           0%         N/A       99%         4
 Olgreb's Toxic Radiance  Pois           0%         N/A       99%         4
 Passage of Golubria      Tloc           0%         N/A       99%         4
 Sticky Flame             Conj/Fire      0%         2d3       99%         4
 Summon Ice Beast         Ice/Summ       0%         N/A       99%         4
 Agony                    Necr           0%         N/A       100%        5
 Arcjolt                  Conj/Air       0%         1d10      100%        5
 Blade Hands              Tmut           0%         N/A       100%        5
 Fireball                 Conj/Fire      0%         3d3       100%        5
 Lee's Rapid Deconstruct  Erth           0%         3d5*      100%        5
 Lightning Bolt           Conj/Air       0%         1d11      100%        5
 Silence                  Hex/Air        0%         N/A       100%        5
 Yara's Violent Unravell  Hex/Tmut       0%         3d3       100%        5
 Conjure Ball Lightning   Conj/Air       0%         3x3d6     100%        6
 Starburst                Conj/Fire      0%         6d3       100%        6
 Summon Cactus Giant      Summ           0%         N/A       100%        6
 Dragon Form              Tmut           0%         N/A       100%        7
 Storm Form               Tmut/Air       0%         N/A       100%        7
 Discord                  Hex            0%         N/A       100%        8
 Disjunction              Tloc           0%         N/A       100%        8
 Ignition                 Fire           0%         3d3       100%        8
 Chain Lightning          Conj/Air       0%         N/A       100%        9
 Dragon's Call            Summ           0%         N/A       100%        9
 Fire Storm               Conj/Fire      0%         5d1       100%        9
 Shatter                  Erth           0%         3d5*      100%        9


Dungeon Overview and Level Annotations

Branches:
Dungeon (15/15)            Temple (1/1) D:5            Lair (5/5) D:8
  Swamp (4/4) Lair:2       Spider (4/4) Lair:3        Slime (0/5) Lair:5
    Orc (2/2) D:11            Elf (0/3) Orc:2        Vaults (2/5) D:13
 Depths (0/4) D:15         Bailey (visited)         Desolation (1/1)
  Crypt: Vaults:2-3

Altars:
Ashenzari
Cheibriados
Dithmenos
Elyvilon
Fedhas
Gozag
Hepliaklqana
Kikubaaqudgha
Makhleb
Nemelex Xobeh
Okawaru
Qazlal
Ru
Sif Muna
Trog
Uskayaw
Vehumet
Wu Jian
Xom
Yredelemnul
Zin
The Shining One
Jiyva

Shops:
D:13 *   Orc:1 [   Orc:2 [(*:   Vaults:1 ?

Annotations:
D:6 2 runed translucent doors, pigah's ghost, novice OpAE
Lair:5 exclusion: obsidian statue
Orc:2 2 transporters, porpoise's ghost, adept MfGl


Innate Abilities, Weirdness & Mutations

((You are very nimble when in or above water. (Stealth+, EV+, Speed+++)))
Your lower body shifts to a powerful aquatic tail in water.
You are agile. (Dex +4, Str/Int -1)
Your magical capacity is low. (-10% MP)
You are strong-willed. (Will+)


Message History

The saltling is engulfed in blazing flames. x2
The saltling completely misses you.
The ironbound convoker completely misses you.
The saltling barely misses you.
The halazid warlock completely misses you.
The saltling misses you. x2
You hit the halazid warlock. x2
The saltling is engulfed in blazing flames.
The saltling completely misses you.
The saltling hits you but does no damage.
The ironbound convoker completely misses you.
The halazid warlock completely misses you.
You hit the halazid warlock. You miss the halazid warlock.
The saltling completely misses you. x2
Unknown command.
You feel better. The saltling misses you. The saltling completely misses you.
The saltling misses you. The saltling completely misses you.
The ironbound convoker misses you. The halazid warlock misses you.
You feel yourself speed up. The saltling closely misses you.
The saltling completely misses you. The saltling misses you.
The saltling closely misses you. The ironbound convoker misses you.
The halazid warlock completely misses you.
You hit the halazid warlock but do no damage.
You puncture the halazid warlock!
Your shadow closely misses the halazid warlock.
The saltling completely misses you. x2
You hit the halazid warlock but do no damage.
You puncture the halazid warlock!
Your shadow hits the halazid warlock but does no damage.
The saltling closely misses you. The saltling barely misses you.
You closely miss the halazid warlock. You hit the halazid warlock.
You completely miss the halazid warlock.
You puncture the halazid warlock!
The halazid warlock gestures at the saltling while chanting.
The saltling's animating energy erupts into ghostly fire!
The ghostly flame explodes!
The ghostly fireball engulfs the halazid warlock.
The halazid warlock completely resists.
The ghostly fireball engulfs you!!! You partially resist.
You feel drained.
You die...

§.......8......#...#..#§§§.#.)#..
§..8......8........#[[§§§.....#..
§§..)##............##[§§.§.#.##..
..8.##))#.....#....##.#.§§####...
...|###..#...........##....##....
...#.#..[#.......................
).#.##.[.#.......#9...........#..
.....####......9#99..............
...8......8p...§@§9§§............
§§...8......§§§pL9§§§.......♣....
§§§..........§.#§§§§§.......
......)......§§§§.§.§.......
...............§.§§.........
..).....9...§§§§§§.......9.
..........§§§§§§§§§.......
§.........L§§§§§§ .S.
§§........§§§§§.§ ..


You could see a halazid warlock, 2 ironbound convokers and 6 saltlings.

Vanquished Creatures
  Mara (Swamp:3)
  Jorgrun (D:15)
  A lich (Vaults:1)
  A thorn hunter (Swamp:3)
  Kirke (Swamp:2)
  Agnes (D:15)
  A fenstrider witch (Swamp:4)
  4 vault wardens (Vaults:1)
  6 emperor scorpions (Spider:4)
  An imperial myrmidon (Desolation)
  The ghost of enile the Fighter, a journeyman GnWn of Fedhas (Swamp:1)
  2 orc warlords
  Louise (D:15)
  4 ironbound preservers (Vaults:1)
  2 ghost moths
  3 ghouls (Swamp:4)
  2 broodmothers (Spider:4)
  2 ironbound thunderhulks (Vaults:1)
  7 eleionomae
  4 dire elephants (Lair:5)
  2 halazid warlocks (Desolation)
  4 bunyips
  2 spark wasps
  A crystal guardian (Desolation)
  6 ragged hierophants (Desolation)
  2 great orbs of eyes (Vaults:1)
  2 entropy weavers
  Josephine (Lair:3)
  A vault guard (Vaults:1)
  3 servants of whispers (Desolation)
  Erolcha (Orc:1)
  2 shambling mangroves
  6 peacekeepers
  Harold (Orc:1)
  24 hydras
  A yaktaur captain (Vaults:1)
  3 jorogumos
  Fannar (D:12)
  2 radroaches (Spider:4)
  A ghost crab (Swamp:1)
  4 two-headed ogres
  5 ironbound frosthearts (Vaults:1)
  2 death knights
  12 centaur warriors
  A vampire mage (D:15)
  13 death yaks
  6 boulder beetles
  6 alligators
  3 tengu warriors
  4 orc high priests (Orc:2)
  2 spriggan berserkers (Swamp:4)
  A deep elf knight (D:13)
  2 spectral death yaks (Lair:5)
  7 skeletal warriors
  3 goliath frogs
  3 sun moths
  A spectral anaconda (Lair:5)
  A spark wasp zombie (D:15)
  12 swamp dragons
  3 spriggan druids (Swamp:4)
  3 pharaoh ants
  10 orb spiders
  5 bog bodies
  8 steelbarb worms
  8 deep trolls (Vaults:1)
  2 lindwurms (Vaults:1)
  2 wizards
  7 ironbound convokers
  4 deep elf pyromancers
  3 orc knights
  4 necromancers
  A stone giant zombie (D:15)
  A will-o-the-wisp (Swamp:3)
  4 ugly things
  A deep elf zephyrmancer (D:13)
  2 cyclopes (D:11)
  5 orc sorcerers
  2 manticores
  27 wolf spiders
  A salamander (shapeshifter) (D:15)
  5 moths of wrath
  14 elephants
  5 guardian serpents (Desolation)
  Joseph (D:9)
  A dire elephant zombie (Lair:5)
  An ice statue (D:11)
  10 black mambas
  8 vault sentinels (Vaults:1)
  3 gargoyles
  A molten gargoyle (Desolation)
  Maggie (D:8)
  6 torpor snails
  3 kobold demonologists
  8 demonic crawlers
  4 centaur skeletons (D:13)
  11 cane toads
  2 unseen horrors
  6 rime drakes
  A dire elephant skeleton (Lair:5)
  A tengu conjurer (D:14)
  17 yaktaurs
  8 komodo dragons
  4 freezing wraiths
  7 trolls
  A polar bear (shapeshifter) (D:15)
  6 meliai (Spider:3)
  A polar bear (Lair:1)
  7 tyrant leeches
  33 saltlings (Desolation)
  A slime creature (Lair:5)
  18 hornets
  13 blink frogs
  35 tarantellas
  2 spectral elephants (Lair:5)
  5 dream sheep (Lair:2)
  20 jumping spiders
  16 culicivoras
  4 shadows
  A spriggan skeleton (D:15)
  15 wraiths
  44 yaks
  2 basilisks
  14 spriggans
  3 wyverns
  A dire elephant simulacrum (Lair:5)
  A hog (Swamp:2)
  2 steam dragons
  40 redbacks
  2 wargs (Orc:2)
  22 swamp worms
  4 vampire mosquitoes
  A spectral cane toad (Lair:5)
  A human zombie (D:15)
  15 water moccasins
  3 acid dragons
  2 swamp drakes (Swamp:4)
  31 orc warriors
  4 sky beasts
  A black bear (D:7)
  16 ogres
  2 ice beasts (D:7)
  3 elephant zombies (Lair:5)
  2 phantoms
  11 centaurs
  8 kobold brigands
  2 gnoll sergeants (D:11)
  13 bullfrogs
  A necrophage (Swamp:4)
  6 scorpions
  A cane toad simulacrum (Lair:5)
  14 killer bees
  An elephant simulacrum (Lair:5)
  3 electric eels
  4 howler monkeys
  A hound (D:4)
  12 orc priests
  8 jellies
  4 iguanas
  22 orc wizards
  Robin (D:4)
  16 gnolls
  7 adders
  A white imp (D:7)
  2 worms
  3 dart slugs
  67 orcs
  9 ball pythons
  8 bats
  10 endoplasms
  4 giant cockroaches
  17 hobgoblins
  10 jackals
  19 kobolds
  5 quokkas
  A frilled lizard (D:2)
  16 goblins
  7 rats
1139 creatures vanquished.

Vanquished Creatures (collateral kills)
  An orc (Bailey)
1 creature vanquished.

Vanquished Creatures (others)
  A servant of whispers (Desolation)
  A bloated husk (Swamp:2)
  2 saltlings (Desolation)
  An orc wizard (Orc:2)
  A bush (Lair:3)
  23 fungi
  33 plants
  11 withered plants (Lair:5)
73 creatures vanquished.

Grand Total: 1213 creatures vanquished

Notes
Turn   | Place    | Note
-------+----------+-------------------------------------------
     0 | D:1      | greasedhog the Merfolk Fighter began the quest for the Orb.
     0 | D:1      | Reached XP level 1. HP: 18/18 MP: 1/1
    76 | D:1      | Reached skill level 1 in Dodging
    76 | D:1      | Reached XP level 2. HP: 24/24 MP: 2/2
   647 | D:1      | Reached XP level 3. HP: 30/30 MP: 3/3
   839 | D:2      | Reached skill level 2 in Dodging
   950 | D:2      | Reached XP level 4. HP: 33/35 MP: 4/4
  1301 | D:2      | Reached skill level 3 in Dodging
  1417 | D:2      | Reached XP level 5. HP: 29/43 MP: 5/5
  2286 | D:3      | Found a glowing golden altar of the Shining One.
  2286 | D:3      | Found a glowing silver altar of Zin.
  2447 | D:3      | Identified the +6 chain mail of an ossuary {rF- Dex+6 SInv}
  2517 | D:3      | Found the +7 Throatcutter {drain, coup de grace}
  2517 | D:3      | Noticed a kobold brigand
  2517 | D:3      | Noticed a kobold brigand
  2535 | D:3      | Killed a kobold brigand
  2536 | D:3      | Reached skill level 5 in Fighting
  2536 | D:3      | Reached skill level 5 in Polearms
  2536 | D:3      | Reached skill level 4 in Dodging
  2536 | D:3      | Reached XP level 6. HP: 11/51 MP: 6/6
  2540 | D:3      | HP: 2/51 [kobold brigand/+0 club (3)]
  2845 | D:4      | Noticed Robin
  2986 | D:4      | Killed Robin
  3028 | D:4      | Reached skill level 1 in Long Blades
  3028 | D:4      | Reached skill level 5 in Dodging
  3109 | D:4      | Reached XP level 7. HP: 53/56 MP: 7/7
  3217 | D:4      | You fall into a shaft and drop 2 floors!
  3225 | D:5      | Entered Level 5 of the Dungeon
  3288 | D:5      | Reached skill level 6 in Dodging
  3458 | D:5      | Reached XP level 8. HP: 19/65 MP: 8/8
  4239 | D:5      | Found a staircase to the Ecumenical Temple.
  4260 | Temple   | Entered the Ecumenical Temple
  4302 | Temple   | Became a worshipper of Dithmenos the Shadowed
  4861 | D:6      | Reached skill level 7 in Dodging
  4861 | D:6      | Reached skill level 1 in Stealth
  5154 | D:6      | Found a large runed translucent door.
  5154 | D:6      | Found a large runed translucent door.
  5156 | D:6      | Noticed pigah's ghost (novice OpAE)
  5664 | D:7      | Reached skill level 5 in Long Blades
  5680 | D:7      | Gained mutation: Your magical capacity is low. (-10% MP)
                  | [potion of mutation]
  5680 | D:7      | Gained mutation: You are strong-willed. (Will+) [potion of
                  | mutation]
  5680 | D:7      | Gained mutation: You are agile. (Dex +4, Str/Int -1)
                  | [potion of mutation]
  5682 | D:7      | HP: 3/67 [poisoned by a killer bee]
  6075 | D:7      | Reached XP level 9. HP: 72/72 MP: 8/8
  6100 | D:7      | Reached skill level 8 in Dodging
  6385 | D:7      | Reached * piety under Dithmenos
  6547 | D:7      | Noticed a two-headed ogre
  6547 | D:7      | Noticed a two-headed ogre
  6558 | D:7      | Killed a two-headed ogre
  6559 | D:7      | Reached skill level 9 in Dodging
  6559 | D:7      | Reached skill level 5 in Stealth
  6569 | D:7      | Killed a two-headed ogre
  6570 | D:7      | Reached XP level 10. HP: 37/82 MP: 9/9
  6721 | D:7      | Found the +12 pair of quick blades "Gyre" and "Gimble"
                  | {protect}
  6963 | D:8      | Noticed Maggie
  6976 | D:8      | Killed Maggie
  6977 | D:8      | Reached skill level 10 in Dodging
  7423 | D:8      | Found a staircase to the Lair.
  7777 | D:9      | Noticed Joseph
  7790 | D:9      | Killed Joseph
  8150 | D:9      | Found a flagged portal.
  8161 | Bailey   | Entered a bailey
  8190 | Bailey   | Noticed an orc warlord
  8227 | Bailey   | Found a runed translucent gate.
  8227 | Bailey   | Found a runed translucent gate.
  8227 | Bailey   | Found a runed translucent gate.
  8235 | Bailey   | Reached ** piety under Dithmenos
  8383 | Bailey   | Killed an orc warlord
  8384 | Bailey   | Reached skill level 11 in Dodging
  8418 | Bailey   | Reached XP level 11. HP: 54/90 MP: 9/9
  8783 | D:9      | Reached skill level 10 in Fighting
  8786 | D:9      | Reached XP level 12. HP: 97/97 MP: 10/10
  8874 | D:10     | Entered Level 10 of the Dungeon
  9238 | D:10     | Found a snail-covered altar of Cheibriados.
  9658 | Lair:1   | Entered Level 1 of the Lair of Beasts
 10079 | Lair:1   | Reached skill level 10 in Long Blades
 10111 | Lair:1   | Reached *** piety under Dithmenos
 10112 | Lair:1   | Reached skill level 12 in Dodging
 10398 | Lair:1   | Noticed an eight-headed hydra
 10699 | Lair:1   | Noticed a five-headed hydra
 10711 | Lair:1   | Killed a five-headed hydra
 10717 | Lair:1   | Killed an eight-headed hydra
 10990 | Lair:2   | Reached skill level 10 in Stealth
 11277 | Lair:2   | Reached XP level 13. HP: 98/106 MP: 11/11
 11300 | Lair:2   | Identified the +7 chain mail of Yesterday {Dex+3}
 11383 | Lair:2   | Reached skill level 13 in Dodging
 11462 | Lair:2   | Identified the +8 quarterstaff "Hezen" {flame, +Blink rF+
                  | Stlth+}
 11833 | Lair:2   | Found a staircase to the Swamp.
 12067 | Lair:3   | Noticed Josephine
 12397 | Lair:3   | Killed Josephine
 12403 | Lair:3   | Reached **** piety under Dithmenos
 12404 | Lair:3   | Reached skill level 1 in Invocations
 12888 | Lair:3   | Found a hole to the Spider Nest.
 12961 | Lair:3   | Identified the +8 chain mail "Vacrotol" {Str+3}
 13105 | Lair:3   | Found a sacrificial altar of Ru.
 13111 | Lair:3   | Reached skill level 14 in Dodging
 13657 | Lair:4   | Reached XP level 14. HP: 71/116 MP: 14/14
 14256 | Lair:5   | Entered Level 5 of the Lair of Beasts
 14342 | Lair:5   | Noticed a dire elephant
 14342 | Lair:5   | Noticed a dire elephant
 14342 | Lair:5   | Noticed a dire elephant
 14343 | Lair:5   | Noticed a dire elephant
 14355 | Lair:5   | Reached ***** piety under Dithmenos
 14519 | Lair:5   | Reached skill level 15 in Dodging
 14667 | Lair:5   | Killed a dire elephant
 14695 | Lair:5   | Killed a dire elephant
 14698 | Lair:5   | Killed a dire elephant
 14703 | Lair:5   | Killed a dire elephant
 14722 | Lair:5   | Identified the +3 leather armour of the Floral God {Will+
                  | Dex+4}
 15333 | Lair:5   | Found a staircase to the Slime Pits.
 15334 | Lair:5   | Found a viscous altar of Jiyva.
 15751 | Lair:5   | Reached skill level 5 in Invocations
 15751 | Lair:5   | Reached XP level 15. HP: 123/125 MP: 16/16
 16141 | D:11     | Reached skill level 16 in Dodging
 16368 | D:11     | Identified the +6 chain mail "Nasuqa" {rF+ Will- Int+4}
 16418 | D:11     | Found a frozen archway.
 16837 | D:11     | Learned a level 2 spell: Blink
 16876 | D:11     | Found a staircase to the Orcish Mines.
 16880 | D:11     | Reached ****** piety under Dithmenos
 17004 | Orc:1    | Entered Level 1 of the Orcish Mines
 17077 | Orc:1    | Noticed Harold
 17086 | Orc:1    | Killed Harold
 17260 | Orc:1    | Noticed Erolcha
 17265 | Orc:1    | Found Pofroeh's Armour Boutique.
 17266 | Orc:1    | Killed Erolcha
 17271 | Orc:1    | Bought a +2 pair of gloves of stealth for 301 gold pieces
 17435 | Orc:2    | Entered Level 2 of the Orcish Mines
 17435 | Orc:2    | Found a staircase to the Elven Halls.
 17435 | Orc:2    | Found Zibavumm's General Store.
 17517 | Orc:2    | Found Wumuxted's Antique Armour Boutique.
 17579 | Orc:2    | Found Lubop's Antique Weapon Shop.
 17580 | Orc:2    | Noticed an orc warlord
 17907 | Orc:2    | Killed an orc warlord
 18008 | Orc:2    | Found a transporter.
 18011 | Orc:2    | Noticed porpoise's ghost (adept MfGl)
 18015 | Orc:2    | Found Ocaekowao's Book Shoppe.
 18031 | Orc:2    | Reached skill level 17 in Dodging
 18112 | Orc:2    | Bought a manual of Armour for 1120 gold pieces
 18128 | Orc:2    | Found a transporter.
 18649 | D:12     | Noticed Fannar
 18658 | D:12     | Killed Fannar
 18865 | D:12     | Reached skill level 15 in Fighting
 19375 | D:13     | Reached XP level 16. HP: 98/136 MP: 19/19
 19961 | D:13     | Reached skill level 15 in Stealth
 20028 | D:13     | Found a gate to the Vaults.
 20059 | D:13     | Found Giblurcho's Assorted Antiques.
 20507 | D:13     | Bought a scroll of blinking for 225 gold pieces
 20507 | D:13     | Bought a scroll of teleportation for 90 gold pieces
 20507 | D:13     | Bought a murky blue potion for 27 gold pieces
 20507 | D:13     | Bought a coppery potion for 27 gold pieces
 21098 | D:14     | Identified the +4 long sword of Nuugoig {venom, rElec rN+
                  | MP+9 Int-2}
 21179 | D:14     | Found a hide-covered altar of Uskayaw.
 21679 | D:15     | Entered Level 15 of the Dungeon
 21789 | D:15     | Noticed Jorgrun
 21794 | D:15     | Killed Jorgrun
 21795 | D:15     | Reached skill level 18 in Dodging
 21844 | D:15     | Found a blossoming altar of Fedhas.
 22082 | D:15     | Noticed Agnes
 22091 | D:15     | Killed Agnes
 22181 | D:15     | Noticed Louise
 22188 | D:15     | Killed Louise
 22228 | D:15     | Found a staircase to the Depths.
 22707 | Spider:1 | Entered Level 1 of the Spider Nest
 24404 | Spider:2 | Reached XP level 17. HP: 144/144 MP: 21/21
 24427 | Spider:2 | Reached skill level 10 in Invocations
 24914 | Spider:3 | Reached skill level 19 in Dodging
 25830 | Spider:4 | Entered Level 4 of the Spider Nest
 26667 | Spider:4 | Identified the ring of the Heron {rElec rN+ AC+4}
 27153 | Spider:4 | Reached skill level 20 in Dodging
 27157 | Spider:4 | Reached XP level 18. HP: 108/155 MP: 24/24
 27320 | Spider:4 | Got a gossamer rune of Zot
 27576 | Swamp:1  | Entered Level 1 of the Swamp
 27702 | Swamp:1  | Found a runed translucent gate.
 27702 | Swamp:1  | Found a runed translucent gate.
 27702 | Swamp:1  | Found a runed translucent gate.
 27702 | Swamp:1  | Noticed enile's ghost (journeyman GnWn)
 27845 | Swamp:1  | Identified the +2 leather armour of Evolution {Str+5
                  | Stlth+}
 28098 | Swamp:1  | Killed enile's ghost
 28222 | Swamp:2  | Noticed Kirke
 28235 | Swamp:2  | Killed Kirke
 29414 | Swamp:3  | Noticed Mara
 29490 | Swamp:3  | Killed Mara
 29857 | Swamp:4  | Entered Level 4 of the Swamp
 30749 | Swamp:4  | Reached skill level 21 in Dodging
 30871 | Swamp:4  | Reached XP level 19. HP: 68/164 MP: 26/26
 31155 | Swamp:4  | Got a decaying rune of Zot
 31470 | Vaults:1 | Entered Level 1 of the Vaults
 31924 | Vaults:1 | Found Anuoryg's Magic Scroll Emporium.
 31943 | Vaults:1 | Bought a scroll of fear for 88 gold pieces
 31943 | Vaults:1 | Bought a scroll of blinking for 165 gold pieces
 31995 | Vaults:1 | Found the ring of the Mage {Wiz Archmagi}
 33486 | Vaults:2 | Identified the ring of Roucar {rCorr MP+9 Dex+3}
 33622 | Vaults:2 | Found a crumbling gateway.
 33733 | Desolati | Entered the Desolation of Salt
 33759 | Desolati | Reached skill level 22 in Dodging
 34328 | Desolati | Identified the amulet of Bel Aloh {RegenMP Will- rCorr
                  | Int+2 Dex+2}
 34335 | Desolati | Identified the +3 mace of Zuofam {spect, rF+}
 34520 | Desolati | Got Uritor's Discourse on Snowy Spelunking
 34522 | Desolati | Identified the +7 morningstar of Perfectionism {vorpal, Fly
                  | Will+}
 34523 | Desolati | Identified the -1 buckler of the Lich-sworn {rPois Str+4}
 34590 | Desolati | Reached XP level 20. HP: 77/156 MP: 27/27
 34656 | Desolati | Killed from afar by a halazid warlock

Illustrated notes

Levels and vault maps discovered:
D:1:      minmay_arrival_nine_rooms, layout_basic,
          minmay_misc_feat_secret_circle
D:2:      minmay_diamond_boxcup, layout_loops_ring, dk_vineyard_1
D:3:      layout_rooms, gammafunk_temple_overflow_pools,
          dilly_guarded_unrand_throatcut
D:4:      layout_loops_cross, chequers_ossuary_entry_cave, nrook_loot_triangle,
          uniq_robin
D:5:      layout_basic, temple_fountains, kennysheep_generic_room_2
D:6:      layout_loops_cross, ebering_ghost_disaster_area
D:7:      layout_loops_ring, hellmonk_guarded_unrand_gyre_and_gimble
D:8:      layout_loops_ring, lair_entry_dummy, uniq_maggie
D:9:      layout_loops_ring, enter_bailey_2, uniq_joseph
D:10:     layout_irregular_city, cheibrodos_worm_habitat
D:11:     minmay_the_grid_net [minmay_the_grid_rooms,
          minmay_the_grid_minigrid_small_alt, minmay_the_grid_armoury,
          minmay_the_grid_minigrid_large, minmay_the_grid_tri_star,
          minmay_the_grid_prize_trominoes], layout_irregular_city,
          kennysheep_orc_monster_closet_entryway, portal_ice_cave_rime,
          minivault_16
D:12:     layout_basic, uniq_fannar
D:13:     cheibrodos_tormentor_scu, layout_cave_pools,
          hangedman_vaults_entry_quadrant_bands, nicolae_inconvenience_store
D:14:     layout_layer_cave, corexii_corridor_pit, nicolae_uskayaw_dance_hall
D:15:     gammafunk_depths_entry_grave, layout_stronghold, fedhas_altar_4,
          uniq_agnes, uniq_louise, uniq_jorgrun
Temple:   hellmonk_temple_of_storms
Lair:1:   beast_lair_carwin_large_2, layout_layer_cave,
          chequers_serial_rivers_micro_b, guppyfry_lair_drakes,
          serial_bayou_shore_a
Lair:2:   layout_misc_corridors, nicolae_swamp_entry_splash_gauntlet,
          nicolae_lair_grazing_beasts [nicolae_sub_lair_graze_edge,
          nicolae_sub_lair_graze_edge, nicolae_sub_lair_graze_edge,
          nicolae_sub_lair_graze_edge]
Lair:3:   layout_gridlike, hellmonk_spider_entry_life_and_decay, basic_altar,
          uniq_josephine
Lair:4:   layout_roguey
Lair:5:   due_jungle_book, layout_cave_shapes, minmay_slime_entry_pillars,
          serial_bayou_pond_c
Swamp:1:  layout_basic_swamp, ebering_ghost_rock_garden,
          evilmike_swamp_ruin_house_3, infiniplex_staircase_pool
Swamp:2:  layout_falls_marsh, nicolae_swamp_small_spring, swamp_pool4,
          hangedman_swamp_lotus, uniq_kirke
Swamp:3:  layout_falls_marsh, serial_swamp_ruin, evilmike_swamp_ruin_house_2,
          evilmike_swamp_ruin_house_4, hangedman_swamp_ruin_wall, uniq_mara
Swamp:4:  swamp_basic_johnstein, layout_basic_swamp
Spider:1: layout_chambers, nicolae_spider_moth_buddies,
          hangedman_spider_tarantella_strand
Spider:2: layout_spider_delve
Spider:3: layout_spider_delve, nicolae_spider_cling_halls
Spider:4: guppyfry_spider_rune, nicolae_spider_eight_legs
Orc:1:    layout_caves, serial_shops, nicolae_shop_waterfront, uniq_harold,
          uniq_erolcha
Orc:2:    grunt_orc_gardens, layout_diamond_mine, grunt_orc_garden,
          grunt_orc_garden, grunt_orc_garden, grunt_orc_garden,
          gammafunk_ghost_berserking_beasts, guppyfry_library_mini
Vaults:1: nicolae_vaults_windows_and_doors_thing, vaults_mumra_hex, v_misc_25,
          nicolae_vaults_triangles, grunt_vaults_hallway_short, v_alt_pattern_6,
          v_misc_9, v_misc_4, nicolae_vaults_little_squares_5,
          nicolae_vaults_little_squares_6, layout_vaults_omnigrid, serial_shops,
          nicolae_shop_waterfront
Vaults:2: portal_desolation_entry_twin_temple, ontoclasm_vaults_claustrophobia,
          nicolae_vaults_theta, ontoclasm_vaults_misaligned,
          hangedman_vaults_restitches, v_misc_26, v_rooms_6, vaults_dpeg_hooks,
          vaults_standard_mumra_x, v_alt_pattern_5,
          nicolae_vaults_twisting_passages, v_misc_19,
          nicolae_vaults_circle_grid_a, vaults_room_hangedman_quadrants,
          layout_vaults_omnibox
Desolation

Skill      XL: |  1  2  3  4  5  6  7  8  9 10 11 12 13 14 15 16 17 18 19 |
---------------+----------------------------------------------------------+-----
Polearms       | 3 4 5 |  5.5
Dodging        | 1 2 3 4 5 6 7 9 11 12 14 15 17 18 20 21 22 | 22.3
Fighting       | 4 5 6 7 8 9 10 11 12 13 15 16 17 18 19 | 19.3
Long Blades    | 1 3 5 7 9 11 12 14 | 14.0
Stealth        | 3 6 7 8 10 11 13 14 16 17 18 19 | 19.8
Armour         | 7 |  7.2
Invocations    | 3 5 7 9 11 13 14 | 14.7
Shields        | |  3.0

Action                   |  1- 3 |  4- 6 |  7- 9 | 10-12 | 13-15 | 16-18 | 19-21 || total
-------------------------+-------+-------+-------+-------+-------+-------+-------++-------
Melee: Trident           |    97 |   168 |       |       |       |       |       ||   265
       Long sword        |       |    37 |   152 |   229 |       |       |       ||   418
       Tailslap          |       |       |       |     8 |    17 |       |       ||    25
       Pair of quick bla |       |       |       |    66 |  1059 |  1199 |   753 ||  3077
Invok: Shadow Step       |       |       |       |       |     1 |       |       ||     1
       Shadow Form       |       |       |       |       |       |       |     1 ||     1
 Abil: End Transformatio |       |       |       |       |       |       |     1 ||     1
Evoke: Wand              |       |       |     3 |    11 |     2 |       |     4 ||    20
       Condenser vane    |       |       |       |       |     1 |       |       ||     1
       Lightning rod     |       |       |       |       |       |       |     2 ||     2
  Use: Scroll            |       |     5 |     2 |     6 |     5 |    11 |     7 ||    36
       Potion            |       |     2 |     9 |     2 |       |     6 |     9 ||    28
 Stab: Sleeping          |     1 |       |     2 |    21 |    72 |   150 |    32 ||   278
       Fleeing           |       |       |       |     2 |       |       |       ||     2
       Distracted        |       |       |       |     1 |     3 |    15 |     4 ||    23
       Confused          |       |       |       |       |     4 |       |       ||     4
       Invisible         |       |       |       |       |       |       |     6 ||     6
Armor: Scale mail        |    20 |       |       |       |       |       |       ||    20
       Leather armour    |    16 |    41 |    26 |       |    26 |    50 |    71 ||   230
       Ring mail         |       |       |    15 |     3 |       |       |       ||    18
       Swamp dragon scal |       |       |       |    48 |    63 |   107 |    21 ||   239
Dodge: Dodged            |    58 |   137 |    95 |   198 |   479 |   817 |   580 ||  2364
Block: Buckler           |    20 |    40 |    40 |    52 |       |       |       ||   152

Table legend: (Time is in decaauts)
 A = Elapsed time spent in this place.
 B = Non-inter-level travel time spent in this place.
 C = Inter-level travel time spent in this place.
 D = Time resting spent in this place.
 E = Time spent auto-exploring this place.
 F = Levels seen in this place.
 G = Mean time per level.
                   A        B        C        D        E       F      G
               +--------+--------+--------+--------+--------+-----+--------+
         Total |  32191 |  30024 |   2167 |   4676 |  19164 |  35 |  919.7 |
       Dungeon |  14506 |  13259 |   1247 |   1318 |   9480 |  15 |  967.1 |
        Temple |     47 |     47 |      0 |      0 |     18 |   1 |   47.0 |
          Lair |   6174 |   5670 |    504 |   1459 |   3065 |   5 | 1234.8 |
         Swamp |   3075 |   2884 |    191 |    587 |   1710 |   4 |  768.8 |
   Spider Nest |   4137 |   4033 |    104 |    439 |   2756 |   4 | 1034.2 |
  Orcish Mines |   1314 |   1267 |     47 |    160 |    828 |   2 |  657.0 |
        Vaults |   2002 |   1929 |     73 |    371 |   1246 |   2 | 1001.0 |
        Bailey |    253 |    253 |      0 |      0 |     21 |   1 |  253.0 |
    Desolation |    680 |    680 |      0 |    341 |     38 |   1 |  680.0 |
               +--------+--------+--------+--------+--------+-----+--------+

Top non-repeatable levels by time:
Vaults:1: 1779 daAuts
  Lair:3: 1506 daAuts
    D:13: 1464 daAuts
     D:7: 1411 daAuts
  Lair:5: 1386 daAuts
     D:2: 1266 daAuts
Spider:1: 1223 daAuts
  Lair:2: 1219 daAuts
Spider:4: 1192 daAuts
  Lair:1: 1102 daAuts
Spider:3: 1098 daAuts
    D:14: 1049 daAuts
     D:8: 969 daAuts
  Lair:4: 959 daAuts
     D:5: 948 daAuts
